 Dungeon Crawl Stone Soup version 0.24.0-13-gcf9b319 (webtiles) character file.

Game seed: 7396690504408198408, levelgen mode: deterministic

22 Fang the Skirmisher (level 2, -2/28 HPs)
             Began as a Gargoyle Berserker on Nov 12, 2019.
             Was a Follower of Trog.
             Shot with a sling bullet by a goblin (4 damage)
             ... on level 2 of the Dungeon.
             The game lasted 00:00:33 (586 turns).

Fang the Skirmisher (Gargoyle Berserker)             Turns: 586, Time: 00:00:34

Health: -2/28      AC:  5    Str: 25    XL:     2   Next: 91%
Magic:  2/2        EV: 12    Int:  7    God:    Trog [*.....]
Gold:   60         SH:  0    Dex:  9    Spells: 1/1 levels left

rFire    . . .     SeeInvis .   a - +0 hand axe
rCold    . . .     Gourm    .   (no shield)
rNeg     + . .     Faith    .   b - +0 animal skin
rPois    ∞         Spirit   .   (no helmet)
rElec    +         Reflect  .   (no cloak)
rCorr    .         Harm     .   (no gloves)
MR       .....     Rnd*Tele +   (no boots)
Stlth    ..........             (no amulet)
HPRegen  0.09/turn              h - ring of stealth
MPRegen  0.08/turn              g - ring of teleportation (curse)

@: berserking (expiring), very quick
A: negative energy resistance 1, electricity resistance, unbreathing,
petrification resistance, rot immunity, AC +2
a: Berserk, Renounce Religion


You were on level 2 of the Dungeon.
You worshipped Trog.
Trog was aware of your devotion.
You were not hungry.

You visited 1 branch of the dungeon, and saw 2 of its levels.

You collected 60 gold pieces.

Inventory:

Hand Weapons
 a - a +0 hand axe (weapon)
Armour
 b - a +0 animal skin (worn)
Jewellery
 g - a cursed ring of teleportation (right hand)
 h - a ring of stealth (left hand)
Scrolls
 e - a scroll of teleportation {unknown}
 i - a scroll of random uselessness {unknown}
 j - a scroll of identify {unknown}
Potions
 d - a potion of agility {unknown}
 f - a potion of mutation {unknown}
Comestibles
 c - 3 rations


   Skills:
 + Level 3.6 Fighting
 + Level 2.9 Axes
 + Level 2.6 Armour
 + Level 1.9 Dodging


You had one spell level left.
You didn't know any spells.
Your spell library was empty.

Dungeon Overview and Level Annotations

Branches:
Dungeon (1/15)

Altars:
Gozag
Yredelemnul

Shops:
D:2 *


Innate Abilities, Weirdness & Mutations

You are resistant to torment.
Your stone body is resilient. (AC +2)
You are immune to poison.
You resist negative energy. (rN+)
You are resistant to electric shocks. (rElec)
You can survive without breathing.
You are immune to petrification.
You are immune to rotting.


Message History

The adder bites you but does no damage. The goblin barely misses you.
You barely miss the adder.
The adder is lightly wounded.
You closely miss the goblin. The adder bites you but does no damage.
You slash the adder!
The adder is severely wounded.
You barely miss the goblin. The goblin closely misses you. The adder bites you.
* * * LOW HITPOINT WARNING * * *
You slash the adder!
You kill the adder!
Trog accepts your kill.
You slash the worm! You closely miss the goblin. The goblin misses you.
The goblin hits you.
* * * LOW HITPOINT WARNING * * *
You see here an adder corpse.
You feel a strong urge to attack something.
The worm barely misses you.
The goblin wields a +0 hunting sling.
The goblin shoots a sling bullet.
The sling bullet hits you.
You die...

###.###.....+... #.
#.#...# ## #. #.#...#
#. #.#.#.# #.#.#.#
#.#.#.# #########
#.#.#.# ........#
#.###.#g#†# ........#
#....@.†..#
........########.#w###
.....)...........#...
######'######....###.#
#.#...#.....+ ...
######'#.#.#.....# ...
.........#.#......
....
.........#.#...... ...
.........#.#


You could see a worm and a goblin.

Vanquished Creatures
  An adder (D:2)
  A goblin (D:1)
  A hobgoblin (D:1)
  A quokka (D:2)
  A frilled lizard (D:2)
  5 kobolds (D:2)
  4 rats
14 creatures vanquished.

Notes
Turn   | Place    | Note
-------+----------+-------------------------------------------
     0 | D:1      | Fang the Gargoyle Berserker began the quest for the Orb.
     0 | D:1      | Reached XP level 1. HP: 14/14 MP: 1/1
   212 | D:1      | You fall into a shaft and drop 1 floor!
   213 | D:2      | Found a basalt altar of Yredelemnul.
   247 | D:2      | Reached XP level 2. HP: 12/19 MP: 2/2
   354 | D:2      | Found Gozag's Platinum Reserve.
   354 | D:2      | Found an opulent altar of Gozag.
   586 | D:2      | Shot with a sling bullet by a goblin

Levels and vault maps discovered:
D:1:      evilmike_arrival_fibonacci_small, layout_rooms
D:2:      layout_basic, old_standard_altar, yredelemnul_altar_generic,
          nicolae_gozag_zags_fifth_avenue, grunt_ministairs_5

Action                   || total
-------------------------++-------
Melee: Hand axe          ||    49
Invok: Berserk           ||     1
Armor: Animal skin       ||    16
Dodge: Dodged            ||    35
